AoeStats
← Reck1n-

Arena

504366629Analyzed
4v4 RM · 28d ago on Sep 5, 2026· 41m 5s· 8 players
Game mode
Random Map
Map size
Large (8 player)
Population
200
Speed
Normal
Resources
Standard
Victory
Conquest
Starting age
Dark Age
Ending age
Imperial Age
RankedLock teamsTeams togetherTeam positionsShared explorationLock speedFull tech treeHidden civsTurbo modeCheats
Victory
Defeat
🇧🇷 Mongols · Brazil
912
+18
🇦🇷 Teutons · Argentina
895
+49
🇭🇰 Persians · Hong Kong SAR China
884
+19
🇺🇸 Huns · United States
874
+20
🇺🇸 Ethiopians · United States
1013
-21
🇨🇴 Bohemians · Colombia
980
-20
🇨🇳 Dravidians · China
965
-19
🇮🇳 Britons · India
884
-40
YaSh the B3AST
0:56 Loom
11:14 Feudal Age
17:00 Castle Age
15:21 Double-Bit Axe
15:18 Horse Collar
19:06 Wheelbarrow
21:21 Fervor
22:00 Hand Cart
21:47 Heavy Plow
23:49 Bow Saw
27:02 Stone Mining
27:03 Gold Mining
27:55 Marauders
27:50 Town Watch
33:57 Imperial Age
32:05 Husbandry
32:53 Bloodlines
34:25 Forging
35:24 Elite Tarkan
36:44 Iron Casting
36:15 Scale Barding Armor
37:22 Ballistics
36:57 Murder Holes
37:47 Fletching
37:58 Padded Archer Armor
38:59 Blast Furnace
39:18 Conscription
40:40 Chain Barding Armor
[FNZ] F3RNZ
11:04 Feudal Age
16:45 Castle Age
15:59 Double-Bit Axe
16:07 Stone Mining
16:57 Gold Mining
19:15 Loom
23:27 Horse Collar
25:57 Bow Saw
26:59 Fletching
27:54 Gold Shaft Mining
31:13 Ballistics
31:34 Bodkin Arrow
33:01 Padded Archer Armor
33:34 Fortified Wall
34:11 Forging
34:02 Scale Mail Armor
34:52 Husbandry
35:14 Bloodlines
36:10 Scale Barding Armor
39:31 Thumb Ring
40:49 Wheelbarrow
Reck1n-
12:09 Feudal Age
11:06 Loom
18:20 Castle Age
16:17 Double-Bit Axe
17:06 Gold Mining
21:12 Wheelbarrow
25:35 Scale Barding Armor
28:38 Chain Barding Armor
29:15 Bloodlines
29:57 Forging
41:30 Imperial Age
輕鬆一打四
0:26 Loom
10:08 Feudal Age
11:00 Double-Bit Axe
11:04 Horse Collar
18:16 Castle Age
16:36 Stone Mining
17:08 Gold Mining
18:47 Wheelbarrow
17:57 Town Watch
18:12 Town Watch
19:08 Bow Saw
19:41 Heavy Plow
21:37 Stone Shaft Mining
31:34 Gold Shaft Mining
34:08 Imperial Age
31:55 Hand Cart
31:41 Town Patrol
31:47 Scale Barding Armor
31:33 Fletching
31:57 Forging
32:42 Husbandry
32:52 Bloodlines
33:04 Chain Barding Armor
33:15 Bodkin Arrow
33:32 Devotion
34:36 Iron Casting
34:18 Elite War Elephant
35:10 Citadels
35:22 Conscription
36:17 Two-Man Saw
35:15 Murder Holes
36:21 Chemistry
36:01 Crop Rotation
36:18 Plate Barding Armor
36:40 Hoardings
37:08 Ballistics
36:59 Masonry
38:42 Blast Furnace
Bear_Pig_Man
12:10 Feudal Age
13:00 Double-Bit Axe
13:56 Loom
16:43 Castle Age
17:53 Bow Saw
25:40 Wheelbarrow
25:32 Fletching
27:55 Hand Cart
28:03 Husbandry
31:59 Forging
31:55 Scale Barding Armor
31:46 Bodkin Arrow
36:04 Imperial Age
36:54 Siege Engineers
37:10 Ballistics
37:54 Chemistry
38:34 Two-Man Saw
37:33 Gold Mining
39:36 Murder Holes
39:10 Heavy Camel Rider
39:57 Heavy Scorpion
luismjchan
10:48 Feudal Age
12:16 Horse Collar
17:55 Castle Age
17:55 Loom
23:03 Double-Bit Axe
24:12 Elite Skirmisher
27:44 Imperial Age
26:41 Chemistry
26:16 Fletching
26:27 Padded Archer Armor
26:56 Pikeman
29:25 Town Watch
30:04 Bow Saw
31:21 Bodkin Arrow
32:24 Ballistics
32:53 Wheelbarrow
33:39 Squires
36:27 Forging
36:17 Scale Mail Armor
36:34 Leather Archer Armor
PETRUS 7007
9:35 Feudal Age
16:04 Double-Bit Axe
20:16 Wheelbarrow
19:57 Horse Collar
25:34 Castle Age
28:21 Stone Mining
28:26 Gold Mining
30:44 Hand Cart
President of USA
2:37 Loom
3:01 Loom
13:26 Feudal Age
17:16 Castle Age
15:17 Double-Bit Axe
15:21 Horse Collar
18:48 Bow Saw
18:54 Heavy Plow
20:37 Wheelbarrow
29:25 Imperial Age
27:26 Scale Mail Armor
27:44 Gold Mining
27:47 Fletching
27:59 Padded Archer Armor
27:34 Pikeman
28:15 Squires
28:47 Ballistics
28:56 Hand Cart
28:35 Stone Mining
29:46 Leather Archer Armor
30:38 Chain Mail Armor
30:34 Forging
31:43 Thumb Ring
33:23 Two-Man Saw
32:25 Bodkin Arrow
32:31 Halberdier
32:56 Halberdier
34:00 Bracer
34:32 Plate Mail Armor
35:00 Conscription
34:37 Arson
35:04 Medical Corps
35:46 Iron Casting
36:30 Wootz Steel
36:34 Masonry
Connection lost

Rejoining the realm…

Still unreachable

The connection could not be restored.

Session expired

The server has moved on; the page needs a fresh start.